 Dungeon Sprint DCSS version 0.27.1-33-g824d729ab1 (webtiles) character file.

Game seed: 3300207155604401728

19082 Hortimo the Severer (level 13, -16/107 HPs)
             Began as a Formicid Fighter on Dec 9, 2021.
             Was the Champion of Wu Jian.
             Demolished by Kuuresac the pandemonium lord (21 damage)
             ... in the Dungeon (Sprint V: "Ziggurat Sprint").
             The game lasted 00:48:03 (702 turns).

Hortimo the Severer (Formicid Fighter)               Turns: 702, Time: 00:48:07

Health: -16/107    AC: 40    Str: 35    XL:     13   Next: 1%
Magic:  22/22      EV: 10    Int:  9    God:    Wu Jian [******]
Gold:   0          SH: 39    Dex: 17    Spells: 12/12 levels left

rFire    + . .     SeeInvis +   B - +14 obsidian axe {vorpal, Mesm Drain Fly SInv}
rCold    + . .     Faith    .   D - +18 shield of the Gong {rElec rN+ Will+ EV-5}
rNeg     + + .     Spirit   .   C - +15 Maxwell's patent armour {-Cast -Tele rElec Will+ rCorr}
rPois    +         Reflect  +   (helmet unavailable)
rElec    +         Harm     .   b - +2 cloak {Stlth+}
rCorr    +         Rampage  .   Z - +1 pair of gloves {Dex+3}
Will     +++++     NoCast   +   c - +1 pair of boots of Isimn {MP+9}
Stlth    ..........             X - amulet of Gety {Reflect rN+ Will+ Regen+ Dex+4 SH+5}
HPRegen  1.27/turn              y - +6 ring of strength
MPRegen  0.18/turn              T - ring "Roihu" {Will+ Str+4}

@: exhausted, resistant, in a heavenly storm, flying, mesmerised, glowing,
studying Poison Magic
A: permanent stasis, dig shafts and tunnels, antennae 3, four strong arms,
screaming 1
a: Dig, Renounce Religion, Wall Jump, Serpent's Lash, Heavenly Storm


You were in the Dungeon.
You worshipped Wu Jian.
Wu Jian was exalted by your worship.
You visited 1 branch

Inventory:

Hand Weapons
 B - the +14 obsidian axe (weapon) {vorpal, Mesm Drain Fly SInv}
   (You found it in the Dungeon)

   It inflicts extra damage upon your enemies.
   It occasionally summons demons to assist the wielder when it strikes in
   combat.
   Its wielder is mesmerised by any visible foes.
   It cannot be unequipped while any foes are visible.
   SInv:      It lets you see invisible.
   Fly:       It grants you flight.
   Drain:     It drains your maximum health when unequipped.
 F - a +5 executioner's axe
 N - a +5 longbow
 O - a +5 triple crossbow
Missiles
 P - 1000 arrows
 Q - 1000 bolts
Armour
 b - a +2 cloak of stealth (worn)
 c - the +1 pair of boots of Isimn (worn) {MP+9}
   (You found it in the Dungeon)

   MP:        It affects your magic capacity (+9).
 C - the +15 Maxwell's patent armour (worn) {-Cast -Tele rElec Will+ rCorr}
   (You found it in the Dungeon)

   rElec:     It insulates you from electricity.
   -Cast:     It prevents spellcasting.
   -Tele:     It prevents most forms of teleportation.
   rCorr:     It protects you from acid and corrosion.
   Will:      It increases your willpower.
 D - the +18 shield of the Gong (worn) {rElec rN+ Will+ EV-5}
   (You found it in the Dungeon)

   It is deafeningly noisy when blocking attacks.
   EV:        It affects your evasion (-5).
   rElec:     It insulates you from electricity.
   rN:        It protects you from negative energy.
   Will:      It increases your willpower.
 G - a +3 tower shield
 H - a +5 crystal plate armour
 J - +5 gold dragon scales
 Z - a +1 pair of gloves of dexterity (worn)
Jewellery
 a - a +6 ring of strength
 t - a ring of flight
 u - a +6 ring of dexterity
 v - a +6 ring of dexterity
 w - a +6 ring of intelligence
 x - a +6 ring of intelligence
 y - a +6 ring of strength (left hand)
 z - a ring of see invisible
 I - an amulet of magic regeneration
 T - the ring "Roihu" (right hand) {Will+ Str+4}
   (You found it in the Dungeon)

   [ring of willpower]

   Str:       It affects your strength (+4).
   Will:      It increases your willpower.
 U - a +6 ring of intelligence
 X - the amulet of Gety (around neck) {Reflect rN+ Will+ Regen+ Dex+4 SH+5}
   (You found it in the Dungeon)

   [amulet of reflection]

   It reflects blocked missile attacks.
   Dex:       It affects your dexterity (+4).
   rN:        It protects you from negative energy.
   Regen:     It increases your rate of health regeneration.
   SH:        It affects your SH (+5).
   Will:      It increases your willpower.
 Y - a +4 ring of evasion
Wands
 q - a wand of mindburst (7)
 r - a wand of iceblast (7)
 s - a wand of acid (7)
Scrolls
 l - 4 scrolls of amnesia
 m - 8 scrolls of fog
 n - a scroll of holy word
 o - 5 scrolls of identify
 p - 2 scrolls of fear
 M - 3 scrolls of blinking
Potions
 d - 4 potions of might
 e - 10 potions of curing
 f - a potion of heal wounds
 g - 7 potions of magic
 h - 2 potions of brilliance
 i - 2 potions of invisibility
 j - 3 potions of resistance
 K - 2 potions of berserk rage
 L - 9 potions of haste
Miscellaneous
 k - a piece from Xom's chessboard (15/15)
 A - a lightning rod (4/4)
 S - a condenser vane
 V - a phial of floods
 W - a tin of tremorstones (2/2)


   Skills:
 + Level 11.8 Fighting
 + Level 19.0 Axes
 * Level 13.7 Armour
 + Level 17.1 Shields
 - Level 13.5 Evocations


You had 12 spell levels left.
You didn't know any spells.
Your spell library contained the following spells:

 Spells                   Type           Power      Damage    Failure   Level
 Apportation              Tloc           0%         N/A       88%         1
 Beastly Appendage        Tmut           0%         N/A       88%         1
 Corona                   Hex            0%         N/A       88%         1
 Foxfire                  Conj/Fire      0%         2x1d4     88%         1
 Corpse Rot               Necr/Air       N/A        N/A       96%         2
 Ensorcelled Hibernation  Hex/Ice        0%         N/A       96%         2
 Poisonous Vapours        Pois/Air       0%         N/A       96%         2
 Static Discharge         Conj/Air       0%         N/A       96%         2
 Wereblood                Tmut           0%         N/A       96%         2
 Conjure Flame            Conj/Fire      0%         6-21      99%         3
 Inner Flame              Hex/Fire       0%         N/A       99%         3
 Lesser Beckoning         Tloc           0%         N/A       99%         3
 Ozocubu's Armour         Ice            0%         N/A       99%         3
 Spider Form              Tmut/Pois      0%         N/A       99%         3
 Summon Guardian Golem    Hex/Summ       0%         N/A       99%         3
 Fulminant Prism          Conj/Hex       0%         3d6       100%        4
 Hailstorm                Conj/Ice       0%         3d3       100%        4
 Ice Form                 Ice/Tmut       0%         N/A       100%        4
 Leda's Liquefaction      Hex/Erth       0%         N/A       100%        4
 Blade Hands              Tmut           0%         N/A       100%        5
 Freezing Cloud           Conj/Ice/Air   0%         6-21      100%        5
 Irradiate                Conj/Tmut      0%         3d14      100%        5
 Lightning Bolt           Conj/Air       0%         1d11      100%        5
 Metabolic Englaciation   Hex/Ice        0%         N/A       100%        5
 Yara's Violent Unravell  Hex/Tmut       0%         3d3       100%        5
 Dispersal                Tloc           0%         N/A       100%        6
 Simulacrum               Ice/Necr       0%         N/A       100%        6
 Dragon Form              Tmut           0%         N/A       100%        7
 Orb of Destruction       Conj           0%         N/A       100%        7
 Spellforged Servitor     Conj/Summ      0%         N/A       100%        7
 Borgnjor's Revivificati  Necr           0%         N/A       100%        8
 Disjunction              Tloc           0%         N/A       100%        8
 Maxwell's Capacitive Co  Air            0%         ∞         100%        8
 Necromutation            Tmut/Necr      0%         N/A       100%        8


Dungeon Overview and Level Annotations

Branches:
Dungeon (1/1)

Altars:
Ashenzari
Cheibriados
Dithmenos
Elyvilon
Fedhas
Gozag
Hepliaklqana
Kikubaaqudgha
Makhleb
Nemelex Xobeh
Okawaru
Qazlal
Ru
Sif Muna
Trog
Uskayaw
Vehumet
Wu Jian
Xom
Yredelemnul
Zin
The Shining One
Beogh
Jiyva
Lugonu


Innate Abilities, Weirdness & Mutations

You cannot be hasted, slowed, berserked, paralysed or teleported.
You can dig through walls and to a lower floor.
You have a pair of large antennae on your head. (SInv)
Your four strong arms can wield two-handed weapons with a shield.
You occasionally shout uncontrollably at your foes.


Message History

Losaosh is almost dead.
You barely miss Kuuresac.
Visions of slaying Losaosh flood into your mind.
You block Kuuresac's attack.
BOUMMMMG!
Losaosh gestures at you. The bolt of energy hits you!!
* * * LOW HITPOINT WARNING * * *
You feel much better.
Visions of slaying Kuuresac flood into your mind.
You block Kuuresac's attack.
BOUMMMMG!
Losaosh gestures at you. The bolt of energy hits you. Kuuresac hits you!
* * * LOW HITPOINT WARNING * * *
Space warps horribly around you!
* * * LOW HITPOINT WARNING * * *
Okay, then.
Press: ? - help, v - describe, . - travel
Here: Losaosh (golden dust, almost dead, haloed)
The floor.
Unknown command.
Unknown command.
Press: ? - help, v - describe, . - travel
Here: Kuuresac, armed with a distorting touch (golden dust, lightly wounded, mesmerising, haloed)
The floor.
You feel much better.
Visions of slaying Losaosh flood into your mind.
You block Kuuresac's attack.
BONNNG!
You block Losaosh's attack.
BONNNG!
You spin and attack Losaosh.
You slice Losaosh!!
Losaosh is almost dead.
You block Losaosh's attack.
BONNNG!
Kuuresac hits you!!
* * * LOW HITPOINT WARNING * * *
Space warps horribly around you!!
You die...

▓....|.[..▓
▓..=:)*=..▓..):.|...▓
▓...1.)...▓......)..▓
▓.........▓......(..▓
▓....1).. ▓.........▓
▓....§§. .▓.........▓
▓.§▓§§☼▓..▓.........▓
▓.▓☼§&☼☼▓.▓.....[.[†▓
▓.§§@&§§..▓....©....▓
▓▓▓▓▓▓▓▓▓▓▓▓▓▓▓▓▓▓▓▓▓


{{{{{{{{ {{{{{{{{{{ {{{{{{{{{ {{{{{{{{{{ {{{{{{{{{ {{{{{{{{{{ {{{{ You could see
Kuuresac and Losaosh (mesmerising).

Vanquished Creatures
  A titan (D)
  3 storm dragons (D)
  A balrug (D)
  2 spriggan air magi (D)
  A thrashing horror (D)
  3 ugly things (D)
  A shining eye (D)
  An eye of devastation (D)
  3 toenail golems (D)
  A yaktaur (shapeshifter) (D)
  A red devil (D)
  A wind drake (D)
  A polar bear (shapeshifter) (D)
  2 slime creatures (D)
  A tarantella (D)
  A ynoxinul (D)
  3 air elementals (D)
  Sigmund (D)
  2 golden eyes (D)
  4 neqoxecs (D)
  A floating eye (D)
  A hell hound (D)
  Blork the orc (D)
  2 earth elementals (D)
  4 scorpions (D)
  2 crimson imps (D)
  2 starcursed masses (D)
  A jelly (D)
  2 quasits (D)
  An orc priest (D)
  An iron imp (D)
  Jessica (D)
  2 orc wizards (D)
  2 shadow imps (D)
  A white imp (D)
  An ufetubus (D)
  An adder zombie (D)
  An orc (D)
  A quokka skeleton (D)
  A ball lightning (D)
63 creatures vanquished.

Vanquished Creatures (collateral kills)
  2 hellwings (D)
  An earth elemental (D)
  A jelly (D)
  An iron imp (D)
5 creatures vanquished.

Vanquished Creatures (others)
  A Tzitzimitl (D)
  A pandemonium lord (D)
  An Executioner (D)
  An orange demon (D)
  A hellwing (D)
  2 red devils (D)
  4 ball lightnings (D)
11 creatures vanquished.

Grand Total: 79 creatures vanquished

Notes
Turn   | Place    | Note
-------+----------+-------------------------------------------
     0 | D        | Hortimo the Formicid Fighter began the quest for the Orb.
     0 | D        | Reached XP level 1. HP: 18/18 MP: 1/1
     0 | D        | Found a shimmering blue altar of Sif Muna.
     0 | D        | Found a sacrificial altar of Ru.
     0 | D        | Found a bloodstained altar of Trog.
     0 | D        | Found a stormy altar of Qazlal.
     0 | D        | Found an iron altar of Okawaru.
     0 | D        | Found a sparkling altar of Nemelex Xobeh.
     0 | D        | Found a blossoming altar of Fedhas.
     0 | D        | Found the +6 Majin-Bo {vamp, MP+6 Int+6}
     0 | D        | Found the +9 heavy crossbow "Sniper" {vorpal, Acc+∞ SInv}
     0 | D        | Found the +10 dark maul {vorpal}
     0 | D        | Found the +15 Maxwell's patent armour {-Cast -Tele rElec
                  | Will+ rCorr}
     0 | D        | Found the +18 shield of the Gong {rElec rN+ Will+ EV-5}
     0 | D        | Found the +14 obsidian axe {vorpal, Mesm Drain Fly SInv}
     0 | D        | Found the +7 great mace "Firestarter" {inner flame, rF++}
     0 | D        | Found the +6 shillelagh "Devastator" {shatter}
     0 | D        | Found the +11 plutonium sword {Contam Stlth-}
     0 | D        | Found the +8 lance "Wyrmbane" {slay drac, rPois rF+ rC+
                  | AC+3}
     0 | D        | Found the +9 sword of Zonguldrok {reap}
     0 | D        | Found the +13 scythe of Curses {drain, Drain}
     0 | D        | Found the +5 sword of Power {vorpal}
     0 | D        | Found the +7 mace of Variability {chain chaos}
     0 | D        | Found the +7 Singing Sword {vorpal, sonic wave}
     0 | D        | Found the +8 storm bow {elec, penet}
     2 | D        | Found a transporter.
     2 | D        | Found an ancient bone altar of Kikubaaqudgha.
     2 | D        | Found a viscous altar of Jiyva.
     2 | D        | Found a corrupted altar of Lugonu.
     2 | D        | Found a hazy altar of Hepliaklqana.
     2 | D        | Found a burning altar of Makhleb.
     2 | D        | Found an opulent altar of Gozag.
    84 | D        | Became a worshipper of the Wu Jian Council
   110 | D        | Reached skill level 7 in Axes
   110 | D        | Reached XP level 2. HP: 24/24 MP: 2/2
   157 | D        | Entered arena 2.
   157 | D        | Noticed a quasit
   157 | D        | Found a transporter.
   159 | D        | Killed a quasit
   160 | D        | Reached skill level 8 in Axes
   160 | D        | Reached XP level 3. HP: 29/29 MP: 3/3
   172 | D        | Entered arena 3.
   172 | D        | Found the +4 robe of Augmentation {Str+4 Int+4 Dex+4}
   172 | D        | Noticed Sigmund
   172 | D        | Noticed Jessica
   172 | D        | Noticed Blork the orc
   172 | D        | Found a transporter.
   176 | D        | Killed Blork the orc
   176 | D        | Reached * piety under Wu Jian
   177 | D        | Reached skill level 5 in Armour
   177 | D        | Reached XP level 4. HP: 35/35 MP: 4/4
   177 | D        | Reached XP level 5. HP: 41/41 MP: 5/5
   179 | D        | Killed Sigmund
   179 | D        | Killed Jessica
   180 | D        | Reached skill level 10 in Axes
   180 | D        | Reached XP level 6. HP: 47/47 MP: 6/6
   203 | D        | Got the Papyrus of Battle Magic and Dislocation
   205 | D        | Entered arena 4.
   205 | D        | Found a transporter.
   207 | D        | Reached ** piety under Wu Jian
   209 | D        | Reached skill level 5 in Evocations
   216 | D        | Got the ring "Roihu" {Will+ Str+4}
   222 | D        | Entered arena 5.
   222 | D        | Noticed a hell hound
   222 | D        | Found a transporter.
   223 | D        | Reached *** piety under Wu Jian
   227 | D        | Reached XP level 7. HP: 52/52 MP: 7/7
   227 | D        | Killed a hell hound
   228 | D        | Reached skill level 11 in Axes
   270 | D        | Entered arena 6.
   270 | D        | Noticed a tarantella
   270 | D        | Found a transporter.
   272 | D        | Reached **** piety under Wu Jian
   273 | D        | Killed a tarantella
   273 | D        | Reached ***** piety under Wu Jian
   274 | D        | Reached skill level 12 in Axes
   274 | D        | Reached XP level 8. HP: 58/58 MP: 8/8
   311 | D        | Got the amulet of Gety {Reflect rN+ Will+ Regen+ Dex+4
                  | SH+5}
   320 | D        | Entered arena 7.
   320 | D        | Noticed a toenail golem
   320 | D        | Noticed a toenail golem
   320 | D        | Noticed a toenail golem
   322 | D        | Found a transporter.
   324 | D        | Killed a toenail golem
   328 | D        | Reached skill level 13 in Axes
   328 | D        | Killed a toenail golem
   329 | D        | Reached skill level 10 in Shields
   329 | D        | Reached XP level 9. HP: 64/64 MP: 9/9
   329 | D        | Killed a toenail golem
   330 | D        | Reached skill level 14 in Axes
   365 | D        | Entered arena 8.
   365 | D        | Noticed a hellwing
   365 | D        | Noticed a hellwing
   365 | D        | Noticed a red devil
   367 | D        | Found a transporter.
   369 | D        | Killed a red devil
   371 | D        | Reached ****** piety under Wu Jian
   373 | D        | Killed a hellwing
   374 | D        | Reached skill level 15 in Axes
   376 | D        | Killed a hellwing
   430 | D        | Entered arena 9.
   430 | D        | Noticed a polar bear
   430 | D        | Noticed a thrashing horror
   430 | D        | Noticed a starcursed mass
   431 | D        | Found a transporter.
   435 | D        | Killed a thrashing horror
   435 | D        | Killed a polar bear
   436 | D        | Reached skill level 5 in Fighting
   436 | D        | Reached skill level 16 in Axes
   436 | D        | Reached XP level 10. HP: 69/74 MP: 10/10
   444 | D        | Killed a starcursed mass
   445 | D        | Reached skill level 17 in Axes
   483 | D        | Entered arena 10.
   483 | D        | Noticed a brown ugly thing
   483 | D        | Noticed a purple ugly thing
   483 | D        | Noticed a purple ugly thing
   483 | D        | Noticed a yaktaur
   485 | D        | Found a transporter.
   485 | D        | Gained mutation: You occasionally shout uncontrollably at
                  | your foes. [a neqoxec]
   488 | D        | Killed a brown ugly thing
   488 | D        | Killed a yaktaur
   489 | D        | Reached skill level 18 in Axes
   489 | D        | Killed a purple ugly thing
   490 | D        | Reached XP level 11. HP: 83/83 MP: 11/11
   491 | D        | Killed a purple ugly thing
   537 | D        | Got the +1 pair of boots of Isimn {MP+9}
   555 | D        | Entered arena 11.
   555 | D        | Noticed a shining eye
   557 | D        | Found a transporter.
   558 | D        | Reached skill level 10 in Armour
   575 | D        | Killed a shining eye
   576 | D        | Reached skill level 10 in Evocations
   598 | D        | Got the Tome of Bewitchment
   620 | D        | Entered arena 12.
   620 | D        | Found the +5 demon whip "Spellbinder" {antimagic, Will+}
   620 | D        | Noticed a storm dragon
   620 | D        | Noticed a storm dragon
   620 | D        | Noticed a spriggan air mage
   620 | D        | Noticed a storm dragon
   620 | D        | Noticed a spriggan air mage
   621 | D        | Noticed a titan
   631 | D        | Killed a spriggan air mage
   637 | D        | Killed a spriggan air mage
   642 | D        | Killed a storm dragon
   642 | D        | Killed a storm dragon
   643 | D        | Reached XP level 12. HP: 56/97 MP: 12/12
   645 | D        | Killed a storm dragon
   646 | D        | Reached skill level 10 in Fighting
   646 | D        | Reached skill level 15 in Shields
   647 | D        | Killed a titan
   652 | D        | Found a transporter.
   673 | D        | Got the Grimoire of Entrancing Necromancy
   688 | D        | Entered arena 13.
   688 | D        | Noticed Zagylul the pandemonium lord
   688 | D        | Noticed Losaosh the pandemonium lord
   688 | D        | Noticed a balrug
   688 | D        | Noticed a Tzitzimitl
   688 | D        | Noticed Kuuresac the pandemonium lord
   690 | D        | Noticed an Executioner
   691 | D        | Killed a balrug
   696 | D        | Killed Zagylul the pandemonium lord
   696 | D        | Killed a Tzitzimitl
   697 | D        | Reached skill level 19 in Axes
   698 | D        | Killed an Executioner
   699 | D        | Reached XP level 13. HP: 49/107 MP: 13/13
   702 | D        | HP: 5/107 [Kuuresac the pandemonium lord (29)]
   702 | D        | Demolished by Kuuresac the pandemonium lord

Illustrated notes

Levels and vault maps discovered:
D:        sprint_v [room_start, room_1, room_2, room_3, room_4, room_5, room_6,
          room_7, room_8, room_9, room_10, room_11, room_12, room_13, room_14,
          room_15, room_16, room_17, room_18, room_19, room_20, room_21,
          room_22, room_23, room_24, room_25, room_26, room_27]

Skill      XL: |  1  2  3  4  5  6  7  8  9 10 11 12 |
---------------+-------------------------------------+-----
Axes           | 7 8 10 12 13 16 18 19 | 19.0
Armour         | 4 5 7 8 9 12 13 | 13.7
Shields        | 4 6 7 8 10 11 14 17 | 17.1
Evocations     | 4 5 7 8 9 11 13 | 13.5
Fighting       | 5 6 9 11 | 11.8

Action                   |  1- 3 |  4- 6 |  7- 9 | 10-12 | 13-15 || total
-------------------------+-------+-------+-------+-------+-------++-------
Melee: Broad axe         |     3 |     9 |    23 |    48 |     2 ||    85
Invok: Lunge             |       |     1 |     1 |     3 |       ||     5
       Whirlwind         |       |       |     1 |     6 |     1 ||     8
       Serpent's Lash    |       |       |       |     3 |       ||     3
       Heavenly Storm    |       |       |       |     2 |       ||     2
 Abil: Wall Jump         |       |       |     2 |     1 |       ||     3
       Dig               |       |       |     1 |       |       ||     1
Evoke: Condenser vane    |     1 |     1 |     4 |     4 |       ||    10
       Tin of tremorston |       |       |       |     1 |       ||     1
  Use: Potion            |     2 |       |       |     9 |     2 ||    13
 Stab: Confused          |       |       |       |     2 |       ||     2
Armor: Plate armour      |     3 |     3 |    13 |    44 |       ||    63
Dodge: Dodged            |       |       |     2 |     8 |       ||    10
Block: Kite shield       |     5 |     7 |    40 |    83 |     5 ||   140
